Map: Red City LE

Players

A.I. 3 (Very Hard)

  • Race: Zerg Zerg
  • Spawn Location: 7:00

A.I. 2 (Very Hard)

  • Race: Protoss Protoss
  • Spawn Location: 11:00

A.I. 1 (Very Hard)

  • Race: Zerg Zerg
  • Spawn Location: 1:00

Phantom - Winner!

  • Race: Zerg Zerg
  • League: Gold
  • Spawn Location: 5:00

VOD

Have the link to the VOD?

Description

Time

  • Played on: Nov. 24, 2024, 4:08 a.m.
  • Length: 29:33
Show
View Real Time Build Order
Export as new Build Order

A.I. 3 (Very Hard) Zerg 

Build Orders: Pool First, Lurkers 

Get SALT Encoding   

  12  0:01  Drone  
  13  0:12  Overlord  
  13  0:17  Drone  
  14  0:30  Drone x2  
  14  0:34  Drone  
  17  0:48  Spawning Pool, Drone  
  17  1:10  Hatchery  
  16  1:13  Drone  
  16  1:17  Extractor  
  16  1:19  Extractor  
  16  1:21  Drone  
  16  1:26  Drone  
  16  1:30  Drone  
  18  1:38  Drone  
  19  1:49  Overlord  
  19  1:58  Queen  
  21  2:03  Zergling x2  
  22  2:10  Drone  
  23  2:23  Queen  
  25  2:31  Drone  
  25  2:35  Drone  
  27  2:40  Drone  
  28  2:45  Drone  
  29  2:59  Roach Warren, Drone  
  29  3:03  Drone  
  30  3:06  Zergling x2  
  30  3:09  Zergling x2  
  32  3:16  Overlord  
  32  3:19  Drone  
  33  3:22  Drone  
  34  3:39  Roach x2  
  38  3:41  Roach x2  
  38  3:47  Lair  
  42  3:51  Overlord  
  42  3:57  Overlord  
  42  3:59  Zergling x2  
  42  4:02  Zergling x2  
  45  4:10  Zergling x2, Drone x2  
  45  4:12  Drone  
  45  4:14  Drone  
  45  4:16  Drone  
  50  4:21  Overlord  
  50  4:25  Roach  
  50  4:29  Roach  
  54  4:32  Roach  
  54  4:36  Roach  
  58  4:39  Overlord  
  59  4:45  Drone  
  59  4:47  Drone  
  59  4:48  Hydralisk Den  
  59  4:49  Drone  
  62  4:52  Roach  
  62  4:56  Roach  
  62  4:59  Overlord  
  64  5:05  Drone  
  65  5:07  Drone  
  65  5:09  Drone  
  65  5:11  Drone  
  65  5:13  Drone  
  69  5:15  Drone  
  69  5:16  Drone  
  69  5:17  Hydralisk  
  69  5:20  Hydralisk  
  75  5:24  Overlord  
  75  5:27  Hydralisk  
  77  5:30  Hydralisk  
  77  5:33  Drone  
  80  5:36  Drone  
  80  5:37  Drone  
  80  5:38  Drone  
  80  5:40  Drone  
  80  5:42  Drone  
  85  5:44  Overlord  
  85  5:46  Drone  
  85  5:49  Hydralisk  
  88  5:52  Hydralisk, Ravager  
  88  5:54  Ravager  
  92  6:03  Roach, Overlord  
  94  6:04  Lurker Den  
  94  6:06  Roach  
  94  6:08  Hydralisk  
  97  6:11  Hydralisk  
  97  6:14  Metabolic Boost  
  99  6:22  Overlord  
  99  6:25  Evolution Chamber  
  98  6:31  Extractor  
  97  6:34  Extractor  
  97  6:35  Drone  
  97  6:36  Evolution Chamber  
  97  6:37  Drone  
  97  6:40  Overseer  
  97  6:41  Roach  
  97  6:42  Roach  
  100  6:48  Roach, Overlord  
  100  6:52  Roach, Zerg Melee Weapons Level 1  
  104  6:54  Drone  
  104  6:55  Drone x2  
  104  6:57  Roach, Drone x2  
  111  7:03  Drone  
  111  7:04  Lurker  
  111  7:07  Overlord, Lurker  
  114  7:11  Hydralisk  
  116  7:15  Hydralisk  
  116  7:20  Spine Crawler, Drone  
  118  7:22  Spine Crawler  
  118  7:24  Drone  
  118  7:25  Zerg Missile Weapons Level 1, Overlord  
  118  7:35  Zergling x2  
  118  7:36  Roach x2, Zergling x4  
  127  7:37  Roach  
  127  7:38  Roach  
  127  7:42  Roach  
  131  7:47  Hatchery  
  131  7:50  Overlord  
  130  7:53  Hydralisk  
  130  7:56  Hydralisk  
  134  8:05  Evolution Chamber  
  133  8:11  Overlord, Spore Crawler  
  133  8:12  Drone  
  133  8:14  Lurker  
  133  8:17  Hydralisk  
  136  8:21  Spore Crawler, Drone  
  136  8:24  Lurker  
  137  8:29  Hydralisk  
  137  8:30  Overlord  
  137  8:31  Zerg Ground Armor Level 1  
  139  8:38  Lurker  
  140  8:42  Hydralisk  
  142  8:59  Queen  
  142  9:00  Drone x2  
  142  9:01  Drone x2  
  142  9:02  Overlord, Drone  
  149  9:03  Spire, Drone  
  149  9:04  Drone x2  
  149  9:05  Drone  
  149  9:06  Drone  
  149  9:08  Drone  
  154  9:11  Drone  
  154  9:13  Drone  
  154  9:14  Extractor, Drone  
  154  9:16  Drone  
  157  9:18  Drone  
  157  9:20  Drone  
  157  9:22  Overlord  
  157  9:24  Drone  
  160  9:26  Drone  
  160  9:27  Drone  
  160  9:28  Drone  
  163  9:32  Overseer  
  163  9:37  Drone  
  164  9:39  Zergling x2  
  164  9:40  Zergling x2, Pneumatized Carapace, Overseer  
  164  9:42  Overlord, Overseer  
  164  9:44  Hydralisk  
  168  9:47  Hydralisk  
  168  9:50  Hydralisk  
  172  9:54  Hydralisk  
  172  9:58  Hydralisk  
  175  10:01  Overlord  
  175  10:02  Hydralisk, Zergling x2  
  175  10:05  Hydralisk  
  180  10:09  Hydralisk  
  182  10:14  Extractor  
  182  10:16  Drone  
  182  10:17  Mutalisk  
  182  10:18  Mutalisk  
  182  10:19  Overlord  
  186  10:23  Mutalisk  
  188  10:31  Mutalisk  
  188  10:35  Hydralisk  
  190  10:36  Drone  
  190  10:37  Drone  
  190  10:38  Hydralisk, Drone  
  197  10:45  Mutalisk  
  199  10:53  Mutalisk, Spine Crawler  
  198  10:57  Mutalisk, Spore Crawler  
  198  11:00  Zergling x2  
  198  11:02  Zergling x2, Spore Crawler  
  198  11:03  Zergling x2  
  198  11:04  Zergling x2  
  197  11:05  Mutalisk, Zergling x2  
  197  11:11  Mutalisk  
  197  11:12  Spine Crawler  
  197  11:16  Mutalisk, Spine Crawler  
  199  11:27  Spine Crawler  
  199  11:30  Hatchery  
  191  11:33  Roach  
  191  11:36  Roach  
  191  11:37  Roach  
  191  11:45  Queen  
  193  11:50  Infestation Pit  
  192  11:58  Spore Crawler  
  192  11:59  Zergling x2  
  192  12:03  Spore Crawler  
  192  12:06  Spore Crawler  
  190  12:10  Spine Crawler  
  190  12:13  Zerg Melee Weapons Level 2  
  189  12:17  Ravager  
  189  12:22  Roach  
  192  12:26  Ravager  
  192  12:27  Infestor  
  192  12:29  Hive  
  195  12:42  Spine Crawler  
  194  12:45  Drone  
  194  12:46  Spine Crawler, Drone  
  194  12:49  Spore Crawler  
  194  12:50  Drone  
  195  12:53  Extractor  
  195  12:54  Drone  
  195  12:55  Drone  
  195  12:56  Zerg Missile Weapons Level 2  
  195  12:57  Extractor  
  195  12:58  Drone  
  196  13:05  Hatchery, Drone  
  195  13:09  Zerg Ground Armor Level 2  
  196  13:13  Drone  
  196  13:14  Drone x2  
  196  13:15  Glial Reconstitution  
  199  13:21  Drone  
  200  13:33  Drone  
  197  13:34  Drone  
  197  13:35  Drone  
  197  13:36  Drone x2  
  197  13:37  Drone  
  197  13:38  Drone  
  197  13:39  Drone x2  
  197  13:40  Infestor  
  197  13:41  Hydralisk x2, Roach x2, Drone  
  184  13:42  Hydralisk x2  
  184  13:43  Hydralisk x3, Roach x2  
  184  13:44  Hydralisk, Mutalisk x2  
  184  13:45  Mutalisk x3  
  184  13:48  Mutalisk  
  197  13:51  Spine Crawler  
  197  13:52  Drone  
  197  13:53  Roach  
  197  13:54  Mutalisk  
  197  13:55  Drone  
  199  13:59  Zergling x2  
  199  14:06  Infestor  
  199  14:09  Hydralisk, Drone  
  199  14:10  Drone x2  
  199  14:13  Drone x3  
  199  14:14  Drone x3  
  199  14:15  Drone  
  199  14:16  Baneling Nest, Drone  
  196  14:18  Drone  
  196  14:19  Drone  
  196  14:21  Drone  
  196  14:24  Infestor  
  185  14:27  Roach  
  185  14:28  Roach  
  185  14:30  Zergling x2  
  179  14:32  Roach  
  179  14:33  Drone  
  179  14:35  Roach  
  179  14:36  Drone  
  185  14:38  Roach  
  185  14:41  Drone  
  185  14:42  Hydralisk  
  185  14:43  Zergling x2  
  185  14:45  Drone  
  168  14:46  Drone  
  168  14:48  Drone  
  168  14:49  Drone  
  168  14:51  Infestor  
  138  14:54  Zergling x2  
  138  14:58  Roach Warren, Overseer  
  138  14:59  Drone  
  133  15:03  Hydralisk  
  133  15:06  Hydralisk  
  137  15:07  Baneling  
  137  15:08  Hydralisk  
  137  15:11  Hydralisk  
  137  15:13  Hydralisk  
  143  15:16  Zergling x2  
  143  15:17  Baneling  
  143  15:18  Hydralisk  
  143  15:20  Hydralisk  
  143  15:21  Baneling  
  146  15:23  Overlord  
  146  15:24  Zergling x2  
  146  15:26  Hydralisk  
  149  15:28  Hydralisk  
  149  15:30  Hydralisk  
  149  15:33  Hydralisk  
  155  15:35  Hydralisk  
  155  15:38  Roach x2, Overseer  
  155  15:39  Overseer  
  161  15:43  Overlord  
  161  15:46  Roach, Zergling x2  
  161  15:48  Roach  
  131  15:51  Roach  
  131  15:52  Roach  
  131  15:54  Roach  
  131  15:56  Roach  
  133  15:57  Roach  
  133  15:59  Roach  
  133  16:00  Zergling x2  
  117  16:04  Roach  
  117  16:06  Infestor  
  117  16:08  Roach  
  117  16:10  Overlord  
  119  16:12  Roach  
  119  16:15  Roach  
  119  16:17  Roach  
  119  16:18  Drone  
  118  16:20  Drone  
  118  16:21  Drone  
  118  16:23  Drone  
  118  16:25  Drone  
  100  16:34  Drone  
  100  16:36  Drone  
  100  16:38  Drone  
  103  16:40  Drone  
  103  16:42  Zergling x2  
  103  16:44  Zergling x2  
  103  16:45  Drone  
  85  16:47  Drone  
  85  16:49  Roach x2  
  85  16:50  Roach x3  
  73  17:05  Roach  
  73  17:07  Hydralisk x2, Zergling x4  
  6  18:13  Hatchery  
    19:25  Drone  
  1  19:35  Drone  
  2  19:46  Drone  
  3  19:57  Drone  
  4  20:22  Drone  
  5  20:33  Drone  
  6  20:51  Overlord  
  6  22:03  Hatchery  
Show
View Real Time Build Order
Export as new Build Order

A.I. 2 (Very Hard) Protoss 

Build Orders: Colossus Rush 

Get SALT Encoding   

  12  0:01  Probe  
  13  0:13  Probe  
  14  0:20  Pylon  
  14  0:25  Probe  
  15  0:34  Probe  
  15  0:42  Probe  
  16  0:47  Assimilator  
  17  0:50  Gateway  
  17  0:52  Probe  
  18  1:00  Pylon, Probe  
  18  1:08  Probe  
  20  1:19  Probe  
  21  1:31  Probe  
  22  1:37  Zealot  
  24  1:43  Probe  
  25  1:47  Nexus  
  25  1:59  Cybernetics Core, Probe  
  26  2:07  Probe  
  26  2:15  Probe  
  28  2:27  Pylon, Probe  
  29  2:31  Warp Gate  
  29  2:34  Stalker  
  31  2:39  Gateway  
  31  2:41  Assimilator  
  31  2:45  Probe  
  32  2:56  Adept  
  32  2:57  Pylon, Probe  
  33  2:59  Probe  
  36  3:08  Probe  
  36  3:10  Probe  
  38  3:20  Robotics Facility  
  38  3:25  Adept  
  38  3:26  Adept, Probe  
  43  3:27  Probe  
  44  3:38  Probe  
  44  3:39  Probe  
  46  3:50  Probe  
  46  3:51  Probe  
  46  3:55  Adept  
  50  3:56  Adept  
  50  4:02  Probe  
  53  4:03  Probe  
  53  4:06  Observer  
  54  4:10  Robotics Bay  
  54  4:12  Pylon  
  54  4:14  Probe  
  54  4:15  Probe  
  57  4:21  Robotics Facility  
  57  4:26  Probe  
  57  4:27  Pylon  
  58  4:33  Stalker, Adept  
  58  4:36  Probe  
  63  4:39  Probe  
  63  4:40  Pylon  
  64  4:54  Stalker, Gateway  
  64  4:57  Probe  
  66  5:00  Colossus  
  66  5:09  Zealot, Pylon  
  66  5:13  Zealot  
  76  5:21  Pylon  
  76  5:27  Zealot  
  78  5:29  Zealot  
  80  5:38  Probe  
  80  5:44  Gateway  
  80  5:46  Probe  
  80  5:47  Zealot, Assimilator  
  80  5:48  Zealot  
  80  5:49  Twilight Council, Stalker  
  87  5:53  Pylon  
  87  5:55  Assimilator  
  87  6:07  Zealot  
  87  6:08  Zealot  
  87  6:09  Probe  
  92  6:12  Zealot, Probe  
  92  6:15  Pylon  
  95  6:21  Probe  
  95  6:22  Zealot  
  95  6:24  Probe  
  99  6:27  Zealot  
  99  6:29  Templar Archives  
  101  6:33  Sentry  
  101  6:36  Zealot  
  101  6:38  Zealot  
  101  6:39  Pylon  
  107  6:47  Zealot  
  107  6:49  Nexus  
  109  6:57  Zealot x2  
  109  6:58  Zealot  
  115  7:01  Pylon  
  115  7:07  Stalker  
  117  7:16  Stalker  
  117  7:17  High Templar  
  117  7:19  Zealot  
  123  7:24  Pylon  
  123  7:26  Immortal  
  127  7:31  Zealot, Sentry  
  131  7:39  Stalker  
  131  7:42  Immortal  
  137  7:45  Stalker  
  137  7:46  Pylon  
  137  7:50  High Templar  
  140  7:54  Immortal  
  140  8:02  Probe x2  
  140  8:03  Probe  
  147  8:11  Pylon, Probe  
  147  8:14  Assimilator, Probe  
  147  8:15  Probe  
  147  8:19  Probe  
  150  8:21  Observer  
  150  8:25  Assimilator  
  150  8:26  Immortal, Probe  
  152  8:27  Probe  
  152  8:28  Archon, High Templar  
  152  8:31  Probe  
  160  8:34  Pylon  
  160  8:38  Probe  
  160  8:39  Immortal  
  165  8:43  Probe  
  165  8:45  Probe, High Templar  
  169  8:50  Probe  
  169  8:55  Probe  
  171  8:57  Pylon, Probe  
  171  8:59  Probe  
  173  9:05  Observer  
  173  9:07  Probe x2  
  175  9:11  Warp Prism, Probe  
  175  9:15  Stalker  
  179  9:19  Probe  
  179  9:22  Pylon  
  179  9:23  Warp Prism  
  184  9:44  Stalker, Observer  
  186  9:46  Zealot  
  186  9:47  Zealot, Pylon  
  186  9:48  Zealot  
  165  9:58  Colossus  
  148  10:02  Immortal  
  148  10:06  Stalker  
  148  10:07  Zealot, Sentry  
  144  10:08  Zealot  
  126  10:21  Zealot  
  114  10:28  Zealot x2  
  116  10:29  Zealot  
  119  10:37  Stalker  
  119  10:41  Immortal, Stalker  
  127  10:46  Immortal  
  127  10:49  Zealot, Stalker  
  131  10:53  Stalker  
  134  11:03  Stalker  
  118  11:09  Zealot  
  100  11:12  Stalker  
  100  11:15  Stalker  
  83  11:26  Zealot  
  83  11:29  Stalker  
  74  11:38  High Templar  
  57  11:46  Stalker  
  48  11:52  Zealot, Nexus  
  25  12:10  Zealot  
  25  12:12  Sentry  
  12  12:48  Nexus  
  12  12:51  Assimilator  
  6  13:07  Probe  
Show
View Real Time Build Order
Export as new Build Order

A.I. 1 (Very Hard) Zerg 

Build Orders: Hatch First, Lurkers 

Get SALT Encoding   

  12  0:00  Drone  
  13  0:12  Overlord  
  13  0:17  Drone  
  14  0:30  Drone x2  
  14  0:34  Drone  
  17  0:53  Hatchery  
  17  0:54  Drone  
  17  1:10  Spawning Pool  
  16  1:12  Drone  
  16  1:16  Extractor  
  16  1:18  Drone  
  17  1:22  Drone  
  18  1:27  Drone  
  19  1:38  Overlord  
  19  1:49  Drone  
  20  1:56  Queen  
  20  1:59  Zergling x2  
  23  2:04  Drone  
  23  2:07  Queen  
  26  2:16  Drone  
  27  2:29  Roach Warren  
  26  2:31  Extractor  
  26  2:32  Drone  
  26  2:35  Drone  
  27  2:42  Overlord  
  27  2:46  Drone  
  27  2:50  Drone  
  29  2:53  Drone  
  29  2:56  Drone  
  31  3:00  Drone  
  31  3:04  Zergling x2  
  33  3:08  Zergling x2  
  34  3:14  Roach x2  
  34  3:19  Roach  
  40  3:22  Roach  
  40  3:24  Drone  
  43  3:27  Drone  
  43  3:33  Overlord  
  44  3:39  Lair  
  44  3:44  Metabolic Boost  
  44  3:51  Drone x2  
  44  3:53  Drone  
  48  3:55  Drone  
  48  3:57  Drone  
  48  4:00  Drone  
  48  4:02  Drone  
  51  4:06  Overlord  
  51  4:09  Drone  
  52  4:13  Evolution Chamber  
  52  4:14  Drone  
  52  4:18  Evolution Chamber, Drone  
  52  4:24  Drone x2  
  52  4:28  Drone  
  52  4:30  Zergling x2  
  55  4:32  Drone  
  55  4:33  Drone  
  55  4:35  Drone  
  58  4:39  Zerg Missile Weapons Level 1  
  58  4:40  Infestation Pit, Drone  
  58  4:45  Zerg Ground Armor Level 1  
  58  4:48  Overlord  
  58  4:52  Overlord  
  58  4:53  Drone  
  59  5:05  Extractor  
  59  5:06  Roach  
  62  5:07  Roach, Extractor, Drone  
  62  5:09  Drone  
  62  5:10  Hydralisk Den  
  62  5:11  Drone  
  62  5:12  Drone  
  65  5:14  Drone  
  65  5:15  Drone  
  65  5:18  Overlord  
  66  5:27  Drone x2  
  66  5:28  Drone  
  69  5:30  Infestor, Drone x2  
  73  5:37  Drone  
  73  5:40  Overlord  
  73  5:41  Hydralisk  
  73  5:42  Hydralisk  
  80  5:43  Roach  
  80  5:46  Roach  
  82  5:58  Overlord  
  82  5:59  Roach x2, Infestor  
  82  6:01  Spine Crawler  
  82  6:03  Drone  
  90  6:04  Roach  
  90  6:14  Roach  
  90  6:15  Spine Crawler  
  90  6:17  Hydralisk, Roach, Overlord  
  90  6:18  Ravager  
  96  6:21  Roach  
  98  6:27  Ravager  
  99  6:35  Hydralisk, Roach  
  99  6:36  Overlord  
  103  6:48  Infestor  
  105  6:55  Spore Crawler, Overlord, Drone  
  105  6:58  Spore Crawler  
  105  7:00  Drone  
  105  7:02  Infestor  
  107  7:10  Hatchery, Overseer  
  107  7:12  Hydralisk  
  108  7:16  Hydralisk  
  108  7:17  Overlord  
  110  7:32  Lurker Den, Drone  
  109  7:42  Roach  
  111  7:45  Roach  
  111  7:47  Roach  
  111  7:49  Roach, Overlord  
  117  7:52  Roach  
  117  7:54  Roach  
  117  7:56  Roach  
  117  7:57  Spine Crawler  
  122  8:03  Ravager  
  125  8:05  Roach  
  125  8:09  Overlord  
  125  8:12  Ravager  
  126  8:15  Roach  
  128  8:20  Queen  
  128  8:23  Drone x3  
  128  8:24  Drone x2  
  128  8:25  Drone x3  
  128  8:26  Drone  
  128  8:27  Overlord, Drone x2  
  140  8:30  Lurker  
  140  8:31  Lurker, Drone  
  140  8:32  Hydralisk, Drone x2  
  140  8:33  Drone  
  149  8:36  Extractor  
  149  8:37  Drone  
  149  8:39  Extractor  
  148  8:42  Drone  
  148  8:43  Drone  
  148  8:47  Overlord  
  150  8:52  Hydralisk  
  150  8:53  Drone x3  
  155  8:55  Spine Crawler  
  155  8:56  Drone  
  155  8:58  Hive  
  155  8:59  Drone  
  156  9:04  Drone x2  
  156  9:05  Drone x2  
  156  9:06  Overlord  
  160  9:10  Drone  
  160  9:11  Overseer  
  160  9:14  Overseer  
  161  9:21  Pneumatized Carapace  
  161  9:22  Queen  
  163  9:24  Overlord  
  163  9:31  Zerg Missile Weapons Level 2  
  163  9:32  Zergling x4  
  163  9:33  Zergling x4, Spine Crawler  
  163  9:34  Zergling x2, Hatchery  
  163  9:35  Zergling x2  
  163  9:36  Zergling x2  
  163  9:37  Hydralisk, Zergling x2  
  171  9:38  Hydralisk  
  171  9:39  Hydralisk  
  171  9:40  Spore Crawler  
  171  9:43  Overlord  
  171  9:44  Zergling x2  
  169  9:49  Zergling x2, Infestor  
  160  9:54  Zergling x2  
  160  9:58  Zergling x2  
  160  9:59  Zergling x6  
  144  10:01  Zergling x4  
  144  10:02  Roach, Zergling x2  
  144  10:03  Roach  
  144  10:04  Roach  
  144  10:06  Roach  
  133  10:11  Roach  
  133  10:13  Roach  
  124  10:17  Roach  
  124  10:19  Evolution Chamber  
  123  10:22  Roach  
  123  10:23  Infestor, Zerg Melee Weapons Level 1  
  123  10:27  Roach  
  129  10:29  Hydralisk, Roach x2, Infestor  
  129  10:31  Roach  
  129  10:33  Infestor  
  129  10:34  Spine Crawler  
  140  10:38  Spine Crawler  
  140  10:40  Lurker  
  140  10:43  Hydralisk  
  140  10:46  Drone  
  140  10:47  Queen, Drone  
  140  10:48  Drone  
  140  10:49  Roach, Drone  
  152  10:50  Roach  
  152  10:55  Zergling x2  
  150  10:57  Roach, Zergling x2, Extractor  
  150  10:58  Drone x2  
  150  10:59  Zergling x4, Drone  
  150  11:00  Zergling x4  
  150  11:01  Zergling x2  
  148  11:07  Roach, Zergling x2  
  148  11:08  Roach  
  148  11:10  Hydralisk  
  145  11:18  Roach x2  
  145  11:19  Roach  
  145  11:21  Hydralisk  
  149  11:26  Hydralisk x2  
  149  11:27  Hydralisk, Spore Crawler  
  149  11:28  Hydralisk x2, Drone  
  149  11:31  Spore Crawler  
  149  11:32  Roach, Drone  
  161  11:35  Viper  
  164  11:41  Ravager x2  
  164  11:42  Roach  
  164  11:43  Roach  
  170  11:52  Extractor  
  170  11:53  Viper, Drone  
  173  12:04  Zerg Missile Weapons Level 3  
  173  12:07  Spine Crawler  
  172  12:08  Drone  
  172  12:14  Zerg Ground Armor Level 2  
  173  12:19  Hydralisk, Roach  
  177  12:23  Hatchery  
  177  12:24  Drone  
  177  12:25  Zerg Melee Weapons Level 2  
  177  12:39  Spine Crawler  
  177  12:40  Drone  
  177  12:43  Spore Crawler  
  176  12:44  Drone  
  176  12:45  Roach  
  176  12:46  Spine Crawler  
  176  12:48  Drone  
  176  12:50  Spore Crawler  
  176  12:51  Drone  
  179  12:54  Spore Crawler  
  179  12:55  Drone  
  179  12:58  Roach, Spine Crawler  
  181  13:00  Drone  
  181  13:01  Spine Crawler  
  181  13:03  Drone  
  181  13:04  Spine Crawler  
  180  13:06  Drone  
  181  13:16  Infestor  
  183  13:20  Zergling x2  
  183  13:24  Infestor  
  186  13:27  Baneling Nest  
  186  13:28  Zergling x2  
  186  13:29  Roach, Drone  
  186  13:31  Roach  
  186  13:33  Hydralisk x2  
  193  13:34  Hydralisk  
  193  13:35  Hydralisk x2  
  193  13:36  Hydralisk x3  
  193  13:37  Hydralisk  
  193  13:39  Roach  
  193  13:40  Roach, Zergling x2  
  193  13:41  Spore Crawler, Drone  
  192  13:42  Roach, Infestor, Drone  
  192  13:43  Ravager, Roach  
  192  13:44  Roach  
  192  13:45  Ravager, Spire  
  192  13:46  Drone  
  192  13:47  Roach, Spore Crawler  
  192  13:48  Roach, Drone  
  195  13:53  Drone  
  191  14:02  Zergling x2  
  191  14:03  Ravager, Roach, Lurker  
  191  14:05  Zergling x2  
  196  14:11  Baneling x3  
  196  14:12  Spore Crawler, Baneling, Zergling x2, Drone  
  197  14:25  Hatchery  
  197  14:27  Drone  
  197  14:30  Baneling  
  197  14:34  Hydralisk, Spore Crawler, Zerg Ground Armor Level 3  
  197  14:38  Spine Crawler, Drone  
  198  14:39  Drone  
  198  14:42  Zergling x2  
  198  14:43  Roach  
  198  14:44  Infestor  
  198  14:45  Zergling x2, Tunneling Claws  
  197  14:46  Roach  
  197  14:48  Neural Parasite, Roach  
  197  14:50  Roach  
  194  14:53  Roach x2  
  194  14:55  Queen, Roach  
  194  14:56  Zergling x2  
  194  14:57  Mutalisk x2  
  199  15:00  Spore Crawler  
  199  15:01  Baneling, Drone  
  199  15:03  Baneling  
  199  15:25  Spore Crawler  
  199  15:26  Baneling, Drone  
  199  15:27  Baneling  
  199  15:49  Extractor, Zergling x2  
  199  15:50  Hatchery, Drone  
  199  15:53  Spine Crawler, Drone  
  199  15:56  Spore Crawler  
  199  15:57  Drone  
  199  16:03  Glial Reconstitution, Spine Crawler, Drone  
  199  16:05  Spore Crawler, Drone  
  199  16:06  Burrow  
  199  16:08  Extractor  
  199  16:09  Drone  
  199  16:15  Baneling, Drone  
  199  16:16  Baneling  
  199  16:25  Zergling x2  
  200  16:28  Zergling x2  
  200  16:31  Spore Crawler, Drone  
  200  16:38  Mutalisk  
  200  16:39  Mutalisk  
  200  16:44  Mutalisk  
  200  16:45  Mutalisk, Roach  
  199  16:48  Mutalisk  
  199  16:51  Baneling  
  199  16:52  Baneling  
  199  16:53  Zergling x2, Baneling  
  200  17:00  Spore Crawler, Zergling x2  
  200  17:01  Drone  
  200  17:05  Roach  
  199  17:14  Roach, Hatchery  
  199  17:15  Roach  
  200  17:21  Hydralisk x3  
  200  17:25  Extractor, Drone  
  200  17:28  Drone  
  199  17:30  Mutalisk  
  199  17:33  Hydralisk  
  199  17:34  Hydralisk, Roach  
  199  17:35  Roach, Zergling x2  
  199  17:36  Hydralisk x2, Roach x3  
  197  17:37  Hydralisk x3  
  197  17:39  Hydralisk x3, Roach  
  197  17:40  Mutalisk, Queen x2  
  197  17:41  Hydralisk  
  197  17:42  Hydralisk x2, Roach  
  197  17:43  Roach  
  197  17:44  Roach x3, Infestor  
  195  17:45  Hydralisk, Infestor  
  195  17:46  Zergling x2  
  195  17:47  Hydralisk, Zergling x4  
  195  17:48  Extractor, Zergling x2  
  195  17:50  Drone  
  195  17:51  Drone, Spine Crawler, Zerg Melee Weapons Level 3  
  190  17:53  Adrenal Glands, Spine Crawler  
  190  17:54  Drone  
  190  17:58  Zerg Flyer Weapons Level 1  
  191  17:59  Zergling x2  
  191  18:00  Zergling x2  
  191  18:02  Roach  
  191  18:04  Roach  
  197  18:08  Ravager  
  197  18:09  Ravager, Baneling x2  
  197  18:10  Baneling x2  
  197  18:11  Lurker  
  200  18:18  Baneling  
  200  18:19  Baneling x3  
  200  18:20  Centrifugal Hooks, Baneling  
  200  18:21  Baneling x3  
  200  18:22  Baneling  
  200  18:29  Overseer  
  200  18:32  Spore Crawler, Zergling x2  
  200  18:35  Spore Crawler  
  200  18:36  Drone  
  200  18:51  Hatchery  
  200  18:52  Drone  
  200  19:08  Spine Crawler, Drone  
  200  19:11  Spore Crawler, Drone  
  200  19:14  Baneling, Spine Crawler, Drone  
  200  19:17  Spine Crawler  
  200  19:18  Drone  
  200  19:24  Spine Crawler  
  200  19:25  Drone  
  200  19:48  Roach  
  200  19:49  Drone  
  200  19:50  Zergling x4  
  200  19:52  Zerg Flyer Armor Level 1  
  199  19:53  Corruptor  
  199  19:54  Corruptor  
  199  19:56  Hydralisk, Spore Crawler  
  197  20:00  Hydralisk, Spore Crawler, Drone  
  197  20:02  Hydralisk x3, Drone  
  197  20:03  Roach, Spore Crawler  
  197  20:04  Roach, Drone  
  197  20:05  Roach  
  197  20:06  Roach  
  198  20:07  Hydralisk, Roach x2  
  198  20:09  Mutalisk, Roach  
  198  20:11  Roach  
  198  20:13  Roach  
  183  20:15  Roach  
  183  20:17  Roach  
  183  20:19  Roach  
  183  20:20  Roach  
  154  20:23  Roach  
  154  20:24  Roach  
  154  20:26  Roach  
  141  20:28  Roach  
  141  20:31  Roach  
  141  20:33  Zergling x2  
  141  20:34  Zergling x2  
  143  20:35  Roach  
  143  20:38  Roach, Drone  
  143  20:39  Drone  
  143  20:40  Drone  
  143  20:41  Drone  
  139  20:43  Drone  
  139  20:44  Drone  
  139  20:45  Roach x2, Drone  
  139  20:46  Drone  
  139  20:48  Drone  
  96  20:58  Drone  
  96  20:59  Hydralisk, Zergling x4  
  96  21:00  Drone  
  96  21:01  Corruptor  
  96  21:02  Hydralisk  
  95  21:04  Hydralisk  
  95  21:06  Roach  
  95  21:09  Roach  
  95  21:10  Roach  
  97  21:12  Roach  
  97  21:14  Drone  
  97  21:15  Drone  
  97  21:16  Drone  
  97  21:17  Drone  
  102  21:18  Drone  
  102  21:20  Drone  
  102  21:21  Drone  
  102  21:22  Zergling x2, Baneling, Overseer  
  102  21:23  Corruptor, Baneling  
  109  21:25  Roach  
  109  21:26  Baneling  
  109  21:30  Zergling x2  
  109  21:31  Drone  
  110  21:33  Drone  
  110  21:34  Roach  
  110  21:36  Roach  
  110  21:38  Roach  
  117  21:40  Roach  
  117  21:42  Roach, Hatchery  
  117  21:43  Roach  
  117  21:44  Drone  
  117  21:46  Zerg Flyer Weapons Level 2, Roach  
  125  21:48  Roach  
  125  21:50  Roach  
  125  21:52  Roach  
  125  21:53  Roach  
  133  21:54  Roach  
  133  21:57  Roach  
  133  21:58  Roach  
  133  22:00  Hydralisk  
  141  22:02  Overlord  
  141  22:04  Hydralisk x2  
  144  22:08  Hydralisk  
  144  22:11  Mutalisk  
  144  22:13  Mutalisk  
  144  22:15  Mutalisk  
  150  22:17  Mutalisk  
  150  22:19  Mutalisk  
  150  22:21  Mutalisk  
  158  22:23  Overlord  
  158  22:25  Mutalisk  
  158  22:27  Mutalisk  
  158  22:29  Overseer  
  162  22:30  Overseer  
  162  22:33  Mutalisk  
  162  22:35  Mutalisk  
  166  22:41  Mutalisk  
  166  22:42  Mutalisk, Overlord  
  166  22:43  Mutalisk  
  172  22:46  Mutalisk  
  174  22:54  Mutalisk, Hydralisk  
  174  22:55  Hydralisk  
  174  22:56  Hydralisk, Drone  
  174  22:58  Drone x2  
  178  23:00  Drone  
  174  23:12  Overlord, Drone  
  174  23:14  Drone  
  174  23:15  Drone  
  174  23:19  Drone  
  170  23:29  Drone  
  170  23:31  Drone  
  170  23:32  Zergling x2  
  160  23:36  Zergling x2, Drone  
  160  23:37  Drone x2  
  160  23:39  Drone  
  160  23:41  Drone  
  133  23:42  Drone  
  133  23:43  Drone  
  133  23:45  Drone  
  133  23:46  Drone  
  133  23:48  Drone x2  
  106  23:50  Corruptor  
  106  23:54  Roach x2  
  106  23:55  Roach  
  92  23:56  Roach x2  
  92  23:58  Hydralisk  
  92  24:02  Hydralisk  
  92  24:03  Hydralisk  
  92  24:06  Drone  
  86  24:21  Drone  
  86  24:26  Drone  
  86  24:27  Drone  
  86  24:29  Drone  
  86  24:31  Drone x2  
  90  24:35  Drone  
  90  24:36  Drone  
  90  24:38  Drone  
  91  24:42  Corruptor  
  93  24:50  Drone  
  86  24:53  Hydralisk  
  86  24:58  Zergling x2  
  84  25:02  Hydralisk  
  84  25:04  Drone  
  85  25:08  Hatchery, Overseer  
  85  25:13  Drone  
  85  25:14  Drone  
  80  25:15  Drone x3  
  80  25:16  Drone x3  
  80  25:17  Drone x3  
  80  25:19  Hydralisk  
  75  25:24  Drone  
  75  25:27  Drone  
  77  25:29  Drone  
  77  25:31  Zergling x2  
  77  25:33  Drone  
  77  25:35  Drone  
  76  25:36  Drone  
  76  25:38  Zergling x2  
  76  25:41  Roach, Hatchery  
  76  25:42  Drone  
  64  25:43  Drone x2  
  64  25:44  Roach  
  64  25:45  Drone  
  64  25:46  Roach  
  64  25:49  Roach  
  60  25:58  Drone  
  60  25:59  Drone  
  60  26:00  Zergling x2, Drone x3  
  60  26:02  Drone x3  
  60  26:03  Drone x2  
  56  26:08  Drone x3  
  56  26:09  Zergling x2  
  56  26:10  Hatchery, Drone  
  50  26:14  Roach x2  
  50  26:17  Drone  
  46  26:21  Drone x23  
  33  26:27  Roach  
  28  26:34  Roach  
  28  26:37  Drone x2  
  19  26:46  Drone  
  6  26:51  Drone  
  6  26:52  Drone  
Show
View Real Time Build Order
Export as new Build Order

Phantom Zerg - Winner!

Build Orders: Pool First 

Get SALT Encoding   

  12  0:03  Drone  
  13  0:08  Drone  
  14  0:17  Overlord  
  14  0:34  Spawning Pool  
  13  0:36  Drone  
  14  0:43  Drone  
  14  0:46  Drone  
  14  0:49  Extractor  
  15  0:50  Drone  
  16  0:59  Drone  
  17  1:10  Drone  
  18  1:24  Drone  
  19  1:27  Hatchery  
  18  1:34  Queen  
  20  1:45  Extractor, Drone  
  20  1:47  Drone  
  21  1:55  Drone  
  21  1:58  Metabolic Boost  
  22  2:05  Overlord  
  22  2:14  Spine Crawler  
  21  2:18  Drone  
  22  2:25  Drone  
  23  2:31  Lair  
  23  2:35  Drone  
  24  2:42  Queen, Drone  
  27  2:51  Drone  
  28  2:52  Drone  
  29  3:00  Roach Warren  
  29  3:01  Drone  
  29  3:06  Drone  
  30  3:22  Drone  
  31  3:27  Drone x4  
  35  3:36  Drone  
  35  3:38  Overlord  
  36  3:45  Overlord  
  36  3:59  Infestation Pit  
  36  4:00  Spire  
  34  4:04  Hydralisk Den, Drone x5  
  34  4:08  Drone x2  
  40  4:14  Drone  
  41  4:19  Extractor  
  40  4:28  Drone  
  40  4:29  Drone x2  
  40  4:30  Drone x2  
  40  4:31  Drone x2  
  47  4:36  Grooved Spines  
  47  4:38  Glial Reconstitution  
  47  4:40  Drone  
  47  4:41  Drone x2  
  50  4:48  Drone  
  50  4:49  Evolution Chamber x2  
  49  4:56  Evolution Chamber x2  
  47  5:04  Extractor  
  46  5:13  Evolution Chamber  
  45  5:14  Mutalisk  
  45  5:15  Mutalisk x2  
  45  5:20  Drone  
  52  5:28  Overlord x3  
  52  5:31  Overlord x2  
  52  5:37  Overseer  
  52  5:57  Spine Crawler  
  52  6:00  Drone x3  
  52  6:02  Hydralisk x3  
  60  6:05  Roach x5  
  70  6:12  Roach  
  70  6:16  Hive  
  72  6:20  Roach x2  
  72  6:23  Roach  
  78  6:26  Zergling x2  
  79  6:43  Muscular Augments  
  79  6:53  Queen  
  81  6:55  Hydralisk x2  
  81  6:56  Hydralisk x2  
  89  7:05  Overseer  
  89  7:13  Nydus Network  
  88  7:19  Spore Crawler  
  88  7:22  Drone x5  
  92  7:39  Hatchery  
  91  7:48  Overseer  
  91  8:13  Overlord x3  
  91  8:15  Overlord x4  
  91  8:43  Spine Crawler x3  
  91  8:45  Spine Crawler  
  87  8:48  Drone x2  
  87  8:49  Drone x4  
  87  8:52  Hydralisk  
  87  8:53  Hydralisk x2  
  99  9:01  Drone  
  100  9:05  Tunneling Claws  
  100  9:06  Ultralisk Cavern  
  100  9:07  Zerg Flyer Weapons Level 1  
  99  9:20  Hydralisk  
  99  9:21  Hydralisk x2  
  105  9:26  Hydralisk x3  
  105  9:27  Hydralisk  
  113  9:31  Zerg Missile Weapons Level 1, Zerg Melee Weapons Level 1  
  113  9:32  Zerg Ground Armor Level 1  
  113  9:39  Hydralisk x3  
  119  9:47  Lurker Den  
  118  9:59  Spine Crawler x2  
  116  10:06  Roach x2  
  120  10:08  Drone x6  
  120  10:10  Spine Crawler  
  125  10:21  Drone  
  126  10:24  Extractor x2  
  124  10:43  Ultralisk x3  
  124  10:46  Zergling x10  
  147  10:55  Drone x4  
  151  11:01  Zerg Flyer Armor Level 1  
  151  11:06  Pneumatized Carapace  
  151  11:26  Overlord x5  
  151  11:49  Drone x3  
  154  12:03  Ultralisk x2  
  154  12:04  Ultralisk  
  154  12:06  Zergling x6  
  154  12:07  Adrenal Glands  
  175  12:10  Zerg Missile Weapons Level 2, Zerg Melee Weapons Level 2  
  175  12:15  Zergling x6  
  178  12:16  Zergling x2  
  178  12:22  Baneling Nest  
  178  12:23  Adaptive Talons  
  178  12:37  Zergling x4  
  178  12:40  Zergling x8  
  184  13:20  Seismic Spines, Overseer  
  184  13:23  Overlord x5  
  184  13:42  Nydus Canal  
  188  14:10  Ultralisk x3  
  188  14:12  Zergling x4  
  191  14:28  Corruptor  
  191  14:29  Corruptor x4  
  191  14:30  Corruptor  
  194  14:36  Spore Crawler  
  192  14:39  Spore Crawler  
  192  14:40  Zerg Ground Armor Level 2, Zerg Melee Weapons Level 3  
  192  14:41  Zerg Missile Weapons Level 3  
  192  14:44  Greater Spire  
  190  14:47  Centrifugal Hooks, Chitinous Plating  
  190  14:49  Overseer  
  190  14:50  Zergling x8  
  169  15:19  Lurker x4  
  169  15:20  Lurker  
  169  15:35  Spore Crawler  
  154  16:07  Hydralisk x5  
  154  16:08  Hydralisk x2  
  154  16:10  Zergling x10  
  154  16:11  Zergling x8  
  177  16:13  Ultralisk x2  
  189  16:36  Nydus Canal  
  189  16:44  Hydralisk x3, Extractor  
  189  16:45  Hatchery  
  189  16:46  Extractor  
  192  16:48  Roach x4, Spine Crawler  
  199  16:59  Spine Crawler  
  198  17:02  Spine Crawler  
  198  17:06  Spine Crawler  
  198  17:07  Spine Crawler  
  193  17:29  Hydralisk  
  174  17:30  Hydralisk x5  
  121  17:47  Ultralisk  
  121  17:48  Zergling x4, Hatchery  
  121  17:50  Zergling x2  
  123  18:11  Zergling x4  
  123  18:58  Drone x3  
  126  19:08  Lair  
  126  19:16  Zergling x8  
  130  19:18  Ultralisk x4  
  130  19:19  Hydralisk  
  130  19:20  Hydralisk  
  158  19:28  Overseer  
  158  19:38  Spine Crawler  
  157  19:40  Spine Crawler  
  144  20:14  Hydralisk  
  126  20:15  Roach x4  
  126  20:16  Roach x2  
  132  20:31  Overseer  
  120  20:46  Ultralisk x3  
  132  20:54  Anabolic Synthesis  
  132  20:55  Ultralisk  
  132  20:56  Zergling x6  
  132  20:57  Zergling x10  
  143  21:14  Extractor  
  142  21:19  Spine Crawler  
  142  21:21  Spine Crawler  
  140  21:48  Zergling x6  
  140  21:53  Roach x3  
  149  21:55  Hydralisk  
  149  21:56  Hydralisk x4  
  159  22:13  Hydralisk x7  
  159  22:14  Hydralisk x5  
  183  22:18  Roach x2  
  183  22:19  Zergling x4  
  183  22:20  Zergling x2  
  183  22:21  Zergling x4  
  192  22:25  Zergling x2  
  192  22:26  Zergling x4  
  195  23:01  Drone x3  
  198  23:14  Hatchery  
  197  23:23  Overseer  
  156  24:07  Hydralisk x4  
  156  24:08  Hydralisk  
  166  24:12  Roach  
  166  24:13  Roach x5  
  166  24:16  Ultralisk  
  166  24:17  Ultralisk x2  
  196  24:21  Overseer  
  196  24:55  Drone x3  
  199  25:16  Spine Crawler  
  199  25:18  Roach  
  199  25:19  Roach  
  200  25:22  Hatchery  
  200  25:25  Lurker  
  200  25:31  Extractor  
  193  25:53  Spine Crawler  
  193  25:54  Drone x3  
  193  25:55  Spine Crawler  
  188  26:07  Roach x2, Spine Crawler  
  188  26:08  Roach x4  
  188  26:11  Hydralisk, Roach x6  
  192  26:46  Hydralisk x5  
  200  26:55  Nydus Canal  
  196  29:06  Roach  
Tags
 
Add a new tag
Caveats
  • Supply blocks, unpowered buildings, or Contaminate may cause inaccurate times.
  • Supply counts are checked every 10 seconds.